 Dungeon Crawl Stone Soup version 0.29.1-15-g9cfb28693d (webtiles) character file.

Game seed: 14645686946400169670

34 tizbic2 the Stinger (level 3, -1/23 HPs)
             Began as an Octopode Venom Mage on Apr 23, 2023.
             Slain by a jackal (2 damage)
             ... on level 1 of the Dungeon.
             The game lasted 00:02:33 (661 turns).

tizbic2 the Stinger (Octopode Venom Mage)            Turns: 661, Time: 00:02:34

Health: -1/23      AC:  1    Str: 15    XL:     3   Next: 31%
Magic:  1/6        EV: 13    Int: 17    God:
Gold:   103        SH:  0    Dex: 12    Spells: 5/6 levels left

rFire   . . .      SeeInvis .   d - +0 war axe
rCold   . . .      Faith    .   (no shield)
rNeg    . . .      Spirit   .   (helmet restricted)
rPois   .          Reflect  .   (no amulet)
rElec   .          Harm     .   f - +6 ring of strength
rCorr   .          Rampage  .   (no ring)
Will    .....                   (no ring)
Stlth   +++.......              (no ring)
HPRegen 0.07/turn               (no ring)
MPRegen 0.10/turn               (no ring)
                                (no ring)
                                (no ring)

@: no status effects
A: almost no armour, amphibious, 8 rings, camouflage 1, gelatinous body 1,
(nimble swimmer 1), tentacles
a: no special abilities


You were on level 1 of the Dungeon.
You visited 1 branch of the dungeon, and saw 2 of its levels.

You collected 103 gold pieces.

Inventory:

Hand Weapons
 d - a +0 war axe (weapon)
Missiles
 b - 5 javelins
Jewellery
 f - a +6 ring of strength (left tentacle)
Scrolls
 g - a scroll of identify {unknown}
 h - a scroll of brand weapon {unknown}
 i - a scroll of teleportation {unknown}
Potions
 a - a potion of magic
 c - a potion of berserk rage {unknown}
 e - 2 potions of curing {unknown}


   Skills:
 + Level 1.0 Fighting
 * Level 1.0 Axes
 - Level 2.0 Dodging
 - Level 2.7 Stealth
 + Level 1.1 Unarmed Combat
 - Level 2.0 Spellcasting
 - Level 1.0 Transmutations
 * Level 4.2 Poison Magic


You had 5 spell levels left.
You knew the following spells:

 Your Spells              Type           Power      Damage    Failure   Level
a - Sting                 Tmut/Pois      40%        1d5       7%          1

Your spell library contained the following spells:

 Spells                   Type           Power      Damage    Failure   Level
 Poisonous Vapours        Pois/Air       16%        N/A       12%         2
 Passwall                 Tmut/Erth      2%         N/A       24%         2
 Ensorcelled Hibernation  Hex/Ice        2%         N/A       28%         2
 Mephitic Cloud           Conj/Pois/Air  6%         N/A       32%         3
 Olgreb's Toxic Radiance  Pois           16%        N/A       34%         4
 Swiftness                Air            1%         N/A       50%         3


Dungeon Overview and Level Annotations

Branches:
Dungeon (2/15)

Altars:


Innate Abilities, Weirdness & Mutations

You cannot wear most types of armour.
You are amphibious.
You can wear up to eight rings at the same time.
Your skin changes colour to match your surroundings (Stealth+).
Your rubbery body absorbs attacks. (AC +1, EV +1)
((You are camouflaged when in or above water. (Stealth+)))
You have tentacles for arms and can constrict up to eight enemies at once.


Message History

Press: ? - help, Shift-Dir - straight line, f/p - goblin
Aim: a goblin, wielding a +0 dagger (moderately wounded, poisoned, 64% to hit)
The sting hits the goblin.
The goblin looks even sicker.
You kill the goblin!
You feel sick.
You feel sick.
You feel sick.
You are no longer poisoned.
A jackal comes into view.
Casting: Sting (safe; 7% risk of failure)
Confirm with . or Enter, or press ? or * to list all spells.
Aiming: Sting (safe; 7% risk of failure)
Press: ? - help, Shift-Dir - straight line, f - jackal
Aim: a jackal (64% to hit)
The sting hits the jackal.
The jackal is poisoned.
The jackal is moderately wounded.
A jackal comes into view.
The jackal barks!
You hit the jackal. Your grab misses the jackal.
The jackal is severely wounded.
You hear a bark!
You kill the jackal!
A jackal comes into view.
The jackal attacks as you move away! The jackal misses you. x2
There is a stone staircase leading up here.
The jackal bites you.
* * * LOW HITPOINT WARNING * * *
You climb upwards.
There is a stone staircase leading down here.
Casting: Sting (safe; 7% risk of failure)
Confirm with . or Enter, or press ? or * to list all spells.
Aiming: Sting (safe; 7% risk of failure)
Press: ? - help, Shift-Dir - straight line, f - jackal
Aim: a jackal (64% to hit)
The sting hits the jackal.
The jackal is poisoned.
The jackal is lightly wounded.
The jackal bites you.
* * * LOW HITPOINT WARNING * * *
The jackal bites you.
You die...

.##......##...#
......#####...# ##..###
#.### ##.## #.# #..# ##.#
..### #..#######
....######........#
.##....##.........#
..#.......#.....@.#
.......####......h#
.......####.......#
..................#
###....####.......#
..........#.......########
.......##.#..............#
........#.#######........#
...........## #........#


You could see a jackal (poisoned).

Vanquished Creatures
  An adder (D:2)
  2 dart slugs (D:1)
  3 bats (D:1)
  2 endoplasms (D:1)
  A giant cockroach (D:1)
  3 goblins
  2 hobgoblins (D:1)
  A jackal (D:2)
  2 ball pythons
  A frilled lizard (D:1)
  A rat (D:2)
19 creatures vanquished.

Notes
Turn   | Place    | Note
-------+----------+-------------------------------------------
     0 | D:1      | tizbic2 the Octopode Venom Mage began the quest for the
                  | Orb.
     0 | D:1      | Reached XP level 1. HP: 11/11 MP: 3/3
    72 | D:1      | Reached XP level 2. HP: 6/18 MP: 3/5
   296 | D:1      | Found a faded altar of an unknown god.
   361 | D:1      | Reached skill level 4 in Poison Magic
   521 | D:1      | Reached skill level 1 in Unarmed Combat
   642 | D:2      | Reached skill level 1 in Fighting
   642 | D:2      | Reached skill level 1 in Axes
   642 | D:2      | Reached XP level 3. HP: 12/23 MP: 3/6
   661 | D:1      | HP: 1/23 [jackal (2)]
   661 | D:1      | Slain by a jackal

Illustrated notes

Levels and vault maps discovered:
D:1:      wheals_arrival_shading, layout_rooms,
          dreamdust_ecumenical_altar_statues
D:2:      layout_rooms, uniq_natasha, uniq_jessica, uniq_robin, uniq_sigmund

Skill      XL: |  1  2 |
---------------+-------+-----
Poison Magic   | 4 |  4.2
Unarmed Combat | 1 |  1.1
Fighting       | 1 |  1.0
Axes           | 1 |  1.0
Dodging        | |  2.0
Stealth        | |  2.7
Spellcasting   | |  2.0
Transmutations | |  1.0

Action                   || total
-------------------------++-------
Melee: Club              ||     6
       Constrict         ||     5
       War axe           ||    18
       Tentacles         ||     5
 Cast: Sting             ||    14
 Stab: Sleeping          ||     2
Armor: Skin              ||     3
Dodge: Dodged            ||    20
